 Dungeon Crawl Stone Soup version 0.30.0-5-g1a98f26d00 (webtiles) character file.

Game seed: 14089608841347426652

18 trckry the Cutter (level 2, -1/19 HPs)
             Began as a Demonspawn Wanderer on May 13, 2023.
             Was a High Priest of Ignis.
             Slain by Natasha (6 damage)
             ... on level 2 of the Dungeon.
             The game lasted 00:02:07 (1107 turns).

trckry the Cutter (Demonspawn Wanderer)             Turns: 1107, Time: 00:02:08

Health: -1/19      AC:  7    Str: 12    XL:     2   Next: 48%
Magic:  3/3        EV:  9    Int: 14    God:    Ignis [*****.]
Gold:   61         SH:  0    Dex: 11    Spells: 2/3 levels left

rFire   + . .        a - +0 rapier
rCold   . . .        (no shield)
rNeg    . . .        b - +0 scale mail
rPois   .            (helmet restricted)
rElec   .            (no cloak)
rCorr   .            f - +0 pair of gloves
SInv    .            (no boots)
Will    .....        (no amulet) Stlth
                     (no ring)
HPRegen 0.23/turn    (no ring)
MPRegen 0.08/turn

%: no passive effects
@: no status effects
A: horns 1
a: Renounce Religion, Fiery Armour, Foxfire Swarm, Rising Flame


You were on level 2 of the Dungeon.
You worshipped Ignis.
Ignis was extremely pleased with you.
You visited 1 branch of the dungeon, and saw 2 of its levels.

You collected 61 gold pieces.

Inventory:

Hand Weapons
 a - a +0 rapier (weapon)
Missiles
 j - 4 javelins
Armour
 b - a +0 scale mail (worn)
 f - a +0 pair of gloves (worn)
Scrolls
 c - a scroll of butterflies
 d - a scroll of enchant weapon {unknown}
 g - a scroll of amnesia {unknown}
 h - a scroll of vulnerability {unknown}
 k - a scroll of identify {unknown}
 m - a scroll of teleportation {unknown}
Potions
 e - a potion of heal wounds {unknown}
 i - a potion of ambrosia {unknown}
 l - a potion of berserk rage {unknown}
 n - a potion of curing {unknown}


   Skills:
 + Level 3.8 Short Blades
 + Level 2.1 Armour
 + Level 1.5 Dodging
 - Level 1.0 Spellcasting
 - Level 2.0 Conjurations


You had 2 spell levels left.
You knew the following spells:

 Your Spells              Type           Power      Damage    Failure   Level
a - Shock                 Conj/Air       12%        1d3       65%         1

Your spell library contained the following spells:

 Spells                   Type           Power      Damage    Failure   Level
 Dazzling Flash           Conj/Hex       6%         N/A       95%         3


Dungeon Overview and Level Annotations

Branches:
Dungeon (2/15) Zot: 10892

Altars:
Ignis

Annotations:
D:2 Natasha


Innate Abilities, Weirdness & Mutations

You have a pair of small horns on your head.


Message History

Natasha claws you.
The ball python bites you but does no damage.
The ball python closely misses you.
You take 3 damage, and have 14/19 hp.
You barely miss Natasha.
Natasha is lightly wounded.
The ball python completely misses you. The ball python grabs you.
The ball python constricts you. Natasha barely misses you.
You hit Natasha.
Natasha is moderately wounded.
The ball python bites you but does no damage.
The ball python constricts you.
Natasha casts a spell.
A worm comes into view.
You miss Natasha.
Natasha is moderately wounded.
The ball python bites you but does no damage.
The ball python constricts you.
Natasha wildly gestures.
You feel disoriented. Natasha barely misses you.
The ball python bites you but does no damage.
The ball python constricts you. The cerulean imp closely misses you.
You hit Natasha.
Natasha is heavily wounded.
Natasha barely misses you. The ball python closely misses you.
The ball python constricts you.
The cerulean imp hits you from afar with a +0 spear.
You take 4 damage, and have 11/19 hp.
MASSIVE DAMAGE!!
You closely miss Natasha.
Natasha is heavily wounded.
Natasha claws you.
The ball python bites you but does no damage.
The ball python constricts you. The worm bites you.
* * * LOW HITPOINT WARNING * * *
The cerulean imp hits you but does no damage.
You take 6 damage, and have 5/19 hp.
MASSIVE DAMAGE!!
You escape the ball python's grasp.
Natasha attacks as you move away! Natasha claws you.
You die...

## .. .# #.#
...##.. #.#.#...
......#####.##..
##....w.h5......
#.....S@###.....
.##...........#
..........###.#
#.#.....## #.#
#.##...#####.#
#)..<........#
######.#####.#
#### #.# #.# ..#
#.# #.# #.#


You could see a worm, Natasha, a cerulean imp (summoned) and a ball python.

Vanquished Creatures
  A dart slug (D:1)
  2 ball pythons (D:1)
  An endoplasm (D:1)
  4 hobgoblins (D:1)
  2 jackals (D:1)
  A quokka (D:1)
  A bat (D:2)
  A frilled lizard (D:1)
  A kobold (D:1)
14 creatures vanquished.

Notes
Turn   | Place    | Note
-------+----------+-------------------------------------------
     0 | D:1      | trckry the Demonspawn Wanderer began the quest for the Orb.
     0 | D:1      | trckry set off with the following items: a +0 rapier, a +0
                  | scale mail, a scroll of butterflies; and the following
                  | spell memorised: Shock; and the following spells available
                  | to memorise: Dazzling Flash.
     0 | D:1      | Reached XP level 1. HP: 13/13 MP: 2/2
   389 | D:1      | Gained mutation: You have a pair of small horns on your
                  | head. [demonic ancestry]
   389 | D:1      | Reached XP level 2. HP: 15/19 MP: 3/3
   653 | D:1      | Found a faded altar of an unknown god.
   680 | D:1      | Prayed at the altar of an unknown god.
   680 | D:1      | Became a worshipper of Ignis, the Dying Flame
  1097 | D:2      | Noticed Natasha
  1107 | D:2      | Slain by Natasha

Illustrated notes

Levels and vault maps discovered:
D:1:      nicolae_arrival_memento_mori, layout_basic,
          shapermc_ecumenical_altar_mp_highgroup
D:2:      layout_loops_ring, uniq_natasha, uniq_sigmund

Skill      XL: |  1 |
---------------+----+-----
Armour         | 2 |  2.1
Short Blades   | |  3.8
Dodging        | |  1.5
Spellcasting   | |  1.0
Conjurations   | |  2.0

Action                     || total
---------------------------++-------
  Melee: Rapier            ||    69
         Headbutt          ||     2
 Armour: Scale mail        ||    33
  Dodge: Dodged            ||    32
